 Dungeon Crawl Stone Soup version 0.31.0-11-ge490571c62 (webtiles) character file.

Game seed: 13584512001375798584

21 qw the Shooter (level 2, -1/14 HPs)
             Began as a Spriggan Hunter on Feb 3, 2024.
             Frozen to death by an endoplasm (3 damage)
             ... on level 2 of the Dungeon.
             The game lasted 00:00:02 (413 turns).

qw the Shooter (Spriggan Hunter)                     Turns: 413, Time: 00:00:02

Health: -1/14      AC:  2    Str:  7    XL:     2   Next: 62%
Magic:  3/3        EV: 19    Int: 10    God:
Gold:   23         SH:  0    Dex: 18    Spells: 1/1 levels left

rFire   . . .        a - +0 shortbow
rCold   . . .        (shield currently unavailable)
rNeg    . . .        c - +0 robe
rPois   .            (helmet restricted)
rElec   .            (no cloak)
rCorr   .            (gloves unavailable)
SInv    +            (boots unavailable)
Will    .....        (no amulet)
Stlth   ++           (no ring)
HPRegen 0.22/turn    (no ring)
MPRegen 0.08/turn

%: no passive effects
@: very quick
A: very small, no large weapons, unfitting armour, see invisible, speed 3
a: no special abilities


You were on level 2 of the Dungeon.
You visited 1 branch of the dungeon, and saw 2 of its levels.

You collected 23 gold pieces.


Innate Abilities, Weirdness & Mutations

You are very small and have problems with some larger weapons.
You are too small for most types of armour.
You have supernaturally acute eyesight. (SInv)
You cover ground extremely quickly. (Speed+++)


   Skills:
 - Level 1.5 Fighting
 + Level 4.2 Ranged Weapons
 - Level 4.0 Dodging
 - Level 1.5 Stealth


You had one spell level left.
You didn't know any spells.
Your spell library was empty.

Inventory:

Hand Weapons
 a - a +0 shortbow (weapon)
Armour
 c - a +0 robe (worn)
Jewellery
 g - a ring of fire
Potions
 d - a potion of resistance

Dungeon Overview and Level Annotations

Branches:
Dungeon (2/15)

Altars:


Message History

403 ||| STAIRDANCE The adder closely misses you.
The ball python bites you. The ball python grabs you.
You stop ascending the stairs.
The ball python constricts you.
You shoot an arrow.
The arrow closely misses the ball python.
The adder barely misses you. The endoplasm freezes you.
You are frozen.
The ball python closely misses you. The ball python constricts you.
You shoot an arrow. The arrow hits the ball python.
You kill the ball python!
The adder misses you. The endoplasm freezes you.
You are frozen.
The adder barely misses you.
You shoot an arrow. The arrow hits the adder!
The adder is severely wounded.
A nearby plant withers and dies.
The endoplasm closely misses you. The adder closely misses you.
You shoot an arrow. The arrow hits the adder.
The adder is almost dead.
The adder bites you but does no damage. The endoplasm misses you.
The adder closely misses you. The endoplasm completely misses you.
You shoot an arrow. The arrow completely misses the adder.
The adder misses you. The endoplasm hits you. The adder barely misses you.
You shoot an arrow. The arrow completely misses the adder.
The adder bites you.
The endoplasm hits you but does no damage.
You shoot an arrow. The arrow barely misses the adder.
The adder misses you. The endoplasm misses you. The adder closely misses you.
You shoot an arrow. The arrow closely misses the adder.
The endoplasm barely misses you. The adder closely misses you.
You shoot an arrow. The arrow closely misses the adder.
The adder bites you. The endoplasm misses you. The adder misses you.
You shoot an arrow.
The arrow hits the adder but does no damage.
The adder is severely wounded.
The endoplasm freezes you.
You are frozen.
You die...

####
###########....
#..............
...............
.............
7P.J.......
PPS@.......
7P...%....)###
7[..........#
77....P........
77.........#..
PP.P.......# .
............#
#...........#


You could see an adder and an endoplasm.

Vanquished Creatures
  A giant cockroach (D:1)
  A goblin (D:1)
  2 hobgoblins (D:1)
  6 jackals (D:1)
  2 kobolds (D:1)
  A ball python (D:2)
  5 rats (D:1)
18 creatures vanquished.

Notes
Turn   | Place    | Note
-------+----------+-------------------------------------------
     0 | D:1      | qw the Spriggan Hunter began the quest for the Orb.
     0 | D:1      | Reached XP level 1. HP: 10/10 MP: 2/2
     0 | D:1      | 0 ||| qw: Version: 0.3-a-155-g5e7d8dd
     0 | D:1      | 0 ||| qw: Game counter: 3218
     0 | D:1      | 0 ||| qw: Melee chars always use a shield: true
     0 | D:1      | 0 ||| qw: God list: Okawaru
     0 | D:1      | 0 ||| qw: Allow faded altars: false
     0 | D:1      | 0 ||| qw: Do Orc after clearing Dungeon:15 true
     0 | D:1      | 0 ||| qw: Do second Lair branch before Depths: true
     0 | D:1      | 0 ||| qw: Lair rune preference: random
     0 | D:1      | 0 ||| qw: Goals: Normal
     0 | D:1      | 0 ||| PLANNING D:1-11
    29 | D:1      | Reached skill level 3 in Dodging
   143 | D:1      | Reached XP level 2. HP: 14/14 MP: 3/3
   345 | D:1      | Found a faded altar of an unknown god.
   353 | D:1      | 353 ||| READING 3 scrolls labelled DOXZAF RU BIFO.
   353 | D:1      | 353 ||| IDENTIFYING sedimented orange potion
   354 | D:1      | 354 ||| READING 2 scrolls of identify.
   354 | D:1      | 354 ||| IDENTIFYING cyan potion
   355 | D:1      | 355 ||| READING scroll of identify.
   355 | D:1      | 355 ||| IDENTIFYING scroll labelled YNAOTE FUOF
   356 | D:1      | 356 ||| READING scroll labelled WOGGORO TIEN.
   357 | D:1      | 357 ||| READING scroll labelled SUELIUBROGIS.
   358 | D:1      | 358 ||| READING scroll labelled FIDAES DEORI.
   359 | D:1      | 359 ||| DROPPING scroll of butterflies.
   360 | D:1      | 360 ||| DROPPING potion of brilliance.
   361 | D:1      | 361 ||| DROPPING scroll of fog.
   403 | D:2      | 403 ||| STAIRDANCE
   412 | D:2      | HP: 2/14 [adder (4)]
   413 | D:2      | Frozen to death by an endoplasm

Levels and vault maps discovered:
D:1:      minmay_arrival_radiant_lines, layout_rooms,
          shapermc_ecumenical_altar_flowoftime, st_stairs_6
D:2:      cheibrodos_old_hovel, layout_basic, serial_forest,
          infiniplex_forest_straight_3, infiniplex_forest_clump_small,
          infiniplex_forest_straight_4, infiniplex_forest_clump_small,
          infiniplex_forest_corner_1, infiniplex_forest_clump_C,
          grunt_decor_resistance, minmay_misc_feat_tiny, kennysheep_donut

Skill      XL: |  1  2 |
---------------+-------+-----
Dodging        | 3 4 |  4.0
Fighting       | |  1.5
Ranged Weapons | |  4.2
Stealth        | |  1.5

Action                     || total
---------------------------++-------
   Fire: Shortbow          ||    55
    Use: Scroll            ||     6
 Armour: Robe              ||    10
  Dodge: Dodged            ||    34

Table legend:
 A = Non-vault XP
 B = Vault XP
 C = Vault XP percentage of total XP
 D = Non-vault monster count
 E = Vault monster count
 F = Vault count percentage of total count
                 A         B        C        D         E       F
            +---------+---------+-------+---------+---------+-------
      Total |      28 |       2 |   6.7 |      17 |       1 |   5.6
            +---------+---------+-------+---------+---------+-------
        D:1 |      27 |       2 |   6.9 |      16 |       1 |   5.9
        D:2 |       1 |       0 |   0.0 |       1 |       0 |   0.0
            +---------+---------+-------+---------+---------+-------
